 Dungeon Crawl Stone Soup version 0.27.1-33-g824d729ab1 (webtiles) character file.

Game seed: 8482569499691082648

16261 DenSaoPin the Grappler (level 12, -2/118 HPs)
             Began as a Troll Berserker on Nov 27, 2021.
             Was an Elder of Trog.
             Slain by a boulder beetle (45 damage)
             ... on level 12 of the Dungeon.
             The game lasted 00:44:11 (10112 turns).

DenSaoPin the Grappler (Troll Berserker)           Turns: 10112, Time: 00:44:12

Health: -2/118     AC:  8    Str: 35    XL:     12   Next: 8%
Magic:  0/11       EV: 12    Int:  4    God:    Trog [****..]
Gold:   708        SH:  0    Dex: 11    Spells: 11/11 levels left

rFire    . . .     SeeInvis +     - Unarmed
rCold    . . .     Faith    .   (no shield)
rNeg     . . .     Spirit   +   M - +1 steam dragon scales
rPois    .         Reflect  .   (helmet restricted)
rElec    .         Harm     .   g - +0 cloak
rCorr    .         Rampage  .   (gloves unavailable)
Will     ++...                  (boots unavailable)
Stlth    +.........             H - amulet of guardian spirit
HPRegen  2.29/turn              L - ring of see invisible
MPRegen  0.12/turn              K - +6 ring of strength

@: strong-willed, regenerating
A: large, unfitting armour, claws 3, regeneration 1, shaggy fur 1, tough skin 1,
deformed body
a: Renounce Religion, Berserk, Trog's Hand, Brothers in Arms


You were on level 12 of the Dungeon.
You worshipped Trog.
Trog was greatly pleased with you.
You visited 1 branch of the dungeon, and saw 12 of its levels.
You also visited: Sewer.

You collected 708 gold pieces.

Inventory:

Hand Weapons
 B - a +2 battleaxe of venom
 Q - a +5 scimitar of flaming
Missiles
 m - 3 large rocks
 z - 3 throwing nets (quivered)
Armour
 a - a +0 animal skin
 d - a +0 troll leather armour
 g - a +0 cloak (worn)
 r - the +3 plate armour of Eternal Vigilance {*Slow +Blink rPois rN+++}
   (You found it in a sewer)

   rPois:     It protects you from poison.
   rN:        It renders you almost immune to negative energy.
   +Blink:    It lets you blink.
   *Slow:     It may slow you when you take damage.
 u - a +2 buckler
 C - a +0 cloak
 G - the +5 pair of boots "Roponearph" {Int+4 Stlth+}
   (You found it on level 7 of the Dungeon)

   Int:       It affects your intelligence (+4).
   Stlth:     It makes you more stealthy.
 M - +1 steam dragon scales (worn)
Jewellery
 t - a ring of protection from fire
 H - an amulet of guardian spirit (around neck)
 K - a +6 ring of strength (right claw)
 L - a ring of see invisible (left claw)
 O - a +6 ring of strength
 S - a ring of protection from cold
Wands
 x - a wand of polymorph (7)
 y - a wand of charming (16)
 F - a wand of acid (21)
 P - a wand of digging (4)
 R - a wand of paralysis (6)
 T - a wand of flame (11)
Scrolls
 b - 3 scrolls of amnesia
 e - 12 scrolls of identify
 f - a scroll of teleportation
 i - a scroll of vulnerability
 j - 7 scrolls of noise
 q - a scroll of fog
 v - 2 scrolls of fear
 J - a scroll of magic mapping
 N - a scroll of enchant weapon
Potions
 c - 2 potions of curing
 h - a potion of flight
 k - 3 potions of haste
 l - a potion of invisibility {unknown}
 o - 2 potions of magic
 p - 2 potions of resistance
 s - 3 potions of berserk rage
 w - 2 potions of might
 A - 3 potions of brilliance
 D - 2 potions of heal wounds
 I - 4 potions of attraction
Miscellaneous
 E - a phial of floods


   Skills:
 - Level 7.0 Fighting
 - Level 6.5 Armour
 + Level 7.4 Dodging
 - Level 11.1 Unarmed Combat
 - Level 7.4 Evocations


You had 11 spell levels left.
You didn't know any spells.
Your spell library was empty.

Dungeon Overview and Level Annotations

Branches:
Dungeon (12/15)            Temple (0/1) D:6            Lair (0/6) D:11
    Orc (0/2) D:9           Sewer (visited)

Altars:
Kikubaaqudgha
Makhleb
Okawaru
Trog
Xom

Shops:
D:1 !   D:6 (


Innate Abilities, Weirdness & Mutations

You are too large for most types of armour.
You have claws for hands.
Your natural rate of healing is unusually fast.
You are covered in fur. (AC +1)
You have tough skin. (AC +1)
Armour fits poorly on your strangely shaped body.


Message History

The boulder beetle bites you!
You claw the boulder beetle!
You kill the boulder beetle!
Trog accepts your kill.
The boulder beetle curls into a ball and begins rolling!
Aiming: Polymorph
Press: ? - help, Shift-Dir - straight line, f/p - boulder beetle
Aim: a boulder beetle (rolling, will become a goliath frog, a slime creature, or a great orb of eyes, chance to affect: 50%)
The boulder beetle resists with some effort.
Attack: -) Claws
Press: ? - help, Dir - move target, f - you, p - boulder beetle
Okay, then.
Aiming: Polymorph
Press: ? - help, Shift-Dir - straight line, f/p - boulder beetle
Aim: a boulder beetle (rolling, will become a goliath frog, a slime creature, or a great orb of eyes, chance to affect: 50%)
The boulder beetle resists with some effort.
Attack: -) Claws
Press: ? - help, Dir - move target, f/p - boulder beetle
Aim: a boulder beetle (rolling, about 9% to evade your claws)
Okay, then.
Aiming: Polymorph
Press: ? - help, Shift-Dir - straight line, f/p - boulder beetle
Aim: a boulder beetle (rolling, will become a goliath frog, a slime creature, or a great orb of eyes, chance to affect: 50%)
The boulder beetle resists with some effort.
The boulder beetle hits you!!!
* * * LOW HITPOINT WARNING * * *
The boulder beetle stops rolling and uncurls.
Your skin crawls.
You feel strong-willed. The boulder beetle bites you!!
* * * LOW HITPOINT WARNING * * *
The boulder beetle curls into a ball and begins rolling!
Blink to where?
Press: ? - help, Dir - move target, p - boulder beetle
As you read the scroll of blinking, it crumbles to dust.
The boulder beetle completely misses you.
The boulder beetle stops rolling and uncurls.
The boulder beetle curls into a ball and begins rolling!
The boulder beetle hits you!!!
You die...

..####..................#
...#
##.................##
##.# #..................#
.# #....[.............##
.....................##
...##...............##
#..............##.##
....##.............#
..........@......##
..........B....##
.........##○..##
..##........##○...#
.........#...B....#
....#..####..##.## ..#
### #...## ## #.# ##..##
##.### ##...#


You could see a boulder beetle (rolling).

Vanquished Creatures
  A boulder beetle (D:12)
  Erica (D:9)
  An anaconda (D:12)
  5 two-headed ogres
  A death knight (D:10)
  Urug (D:10)
  A cyclops (D:11)
  Maurice (D:11)
  A manticore (D:12)
  A gargoyle (D:10)
  2 kobold demonologists
  3 orange demons (D:12)
  An unseen horror (D:11)
  Psyche (D:9)
  A komodo dragon (D:11)
  A red devil (D:12)
  A troll (D:11)
  3 slime creatures (D:12)
  A wyvern (D:7)
  2 shadows
  3 wraiths
  Eustachio (D:3)
  A steam dragon (D:10)
  A basilisk (D:11)
  3 water moccasins
  3 orc warriors
  A hornet zombie (D:9)
  2 black bears
  An ogre (D:5)
  A centaur (D:8)
  A phantom (D:5)
  4 kobold brigands
  3 bullfrogs
  A scorpion (D:3)
  A water moccasin zombie (D:5)
  A water moccasin skeleton (D:5)
  8 wights
  A howler monkey (D:7)
  A bullfrog zombie (D:6)
  4 centaur zombies
  A hound (D:4)
  Crazy Yiuf (D:5)
  5 orc priests
  2 gnoll shamans
  5 iguanas
  Jessica (D:2)
  7 orc wizards
  Terence (D:2)
  4 adders
  11 gnolls
  A shadow imp (D:6)
  2 white imps
  2 ufetubi (D:6)
  An adder skeleton (D:4)
  2 worms (D:4)
  A dart slug (D:4)
  26 orcs
  3 bats
  4 endoplasms
  6 giant cockroaches
  6 goblins
  4 hobgoblins
  5 jackals
  16 kobolds
  2 quokkas
  7 ball pythons
  2 frilled lizards (D:3)
  6 rats
206 creatures vanquished.

Vanquished Creatures (collateral kills)
  2 orange demons (D:12)
2 creatures vanquished.

Vanquished Creatures (others)
  A wizard (D:9)
  3 fungi (D:2)
  4 plants
8 creatures vanquished.

Grand Total: 216 creatures vanquished

Notes
Turn   | Place    | Note
-------+----------+-------------------------------------------
     0 | D:1      | DenSaoPin the Troll Berserker began the quest for the Orb.
     0 | D:1      | Reached XP level 1. HP: 22/22 MP: 0/0
   138 | D:1      | Reached XP level 2. HP: 29/29 MP: 1/1
   546 | D:1      | Found Gosuagi's Distillery.
   852 | D:2      | Reached skill level 4 in Unarmed Combat
   893 | D:2      | Noticed Terence
   904 | D:2      | Killed Terence
   905 | D:2      | Reached XP level 3. HP: 20/36 MP: 2/2
   986 | D:2      | Noticed Jessica
   989 | D:2      | Killed Jessica
   989 | D:2      | Reached ** piety under Trog
   990 | D:2      | Reached skill level 5 in Unarmed Combat
   990 | D:2      | Reached XP level 4. HP: 43/44 MP: 3/3
  1003 | D:2      | Found a faded altar of an unknown god.
  1056 | D:2      | Noticed a black bear
  1062 | D:2      | Killed a black bear
  1063 | D:2      | Reached skill level 6 in Unarmed Combat
  1063 | D:2      | Reached XP level 5. HP: 28/50 MP: 4/4
  1946 | D:4      | Reached XP level 6. HP: 59/59 MP: 5/5
  2216 | D:4      | Reached skill level 7 in Unarmed Combat
  2244 | D:4      | Noticed Eustachio
  2370 | D:3      | Killed Eustachio
  2527 | D:4      | Found a glowing drain.
  2541 | Sewer    | Entered a sewer
  2601 | Sewer    | Noticed a water moccasin
  2607 | Sewer    | Killed a water moccasin
  2608 | Sewer    | Reached XP level 7. HP: 51/66 MP: 6/6
  2634 | Sewer    | Identified the +3 plate armour of Eternal Vigilance {*Slow
                  | +Blink rPois rN+++}
  3046 | D:5      | Entered Level 5 of the Dungeon
  3236 | D:5      | Reached *** piety under Trog
  3237 | D:5      | Reached skill level 5 in Dodging
  3291 | D:5      | Found a burning altar of Makhleb.
  3400 | D:5      | Reached XP level 8. HP: 51/74 MP: 7/7
  3625 | D:5      | Found an iron altar of Okawaru.
  3653 | D:5      | Reached skill level 1 in Armour
  3665 | D:5      | Found a shimmering altar of Xom.
  3904 | D:5      | Found a runed translucent door.
  3905 | D:5      | Noticed Crazy Yiuf
  3935 | D:5      | Killed Crazy Yiuf
  4096 | D:6      | Found a staircase to the Ecumenical Temple.
  4379 | D:6      | Found Lecwor's Firing Range.
  5053 | D:7      | Identified the +5 pair of boots "Roponearph" {Int+4 Stlth+}
  5098 | D:7      | Reached skill level 5 in Armour
  5476 | D:8      | Reached XP level 9. HP: 37/80 MP: 8/8
  5809 | D:8      | Reached **** piety under Trog
  6330 | D:9      | You fall into a shaft and drop 2 floors!
  6365 | D:10     | Entered Level 10 of the Dungeon
  6442 | D:10     | Reached skill level 5 in Fighting
  6531 | D:10     | Noticed a death knight
  6676 | D:9      | Noticed Psyche
  6683 | D:9      | Killed Psyche
  6763 | D:9      | Found a staircase to the Orcish Mines.
  6888 | D:9      | Found an ancient bone altar of Kikubaaqudgha.
  6971 | D:9      | Reached XP level 10. HP: 98/102 MP: 9/9
  6981 | D:9      | Noticed a two-headed ogre
  6995 | D:9      | Killed a two-headed ogre
  6996 | D:9      | Reached skill level 8 in Unarmed Combat
  6999 | D:9      | Noticed Erica
  6999 | D:9      | Noticed a two-headed ogre
  7131 | D:8      | Killed a two-headed ogre
  7132 | D:8      | Reached skill level 9 in Unarmed Combat
  7178 | D:9      | Killed Erica
  7179 | D:9      | Reached skill level 10 in Unarmed Combat
  7294 | D:9      | Found a bloodstained altar of Trog.
  7295 | D:9      | Noticed a wizard
  7300 | D:9      | Killed a wizard
  7563 | D:11     | Noticed Maurice
  7582 | D:11     | Killed Maurice
  7588 | D:11     | Reached skill level 11 in Unarmed Combat
  7612 | D:11     | Noticed a cyclops
  7692 | D:11     | Reached skill level 1 in Evocations
  7793 | D:11     | Found a staircase to the Lair.
  7910 | D:11     | Killed a cyclops
  7911 | D:11     | Reached XP level 11. HP: 93/109 MP: 8/10
  8106 | D:11     | Gained mutation: Armour fits poorly on your strangely
                  | shaped body. [potion of mutation]
  8257 | D:12     | Noticed a boulder beetle
  8614 | D:12     | Noticed a two-headed ogre
  8653 | D:12     | Noticed a sun demon
  8666 | D:11     | Killed a two-headed ogre
  8667 | D:11     | Reached skill level 5 in Evocations
  8784 | D:12     | Noticed a two-headed ogre
  8799 | D:12     | Noticed a boulder beetle
  8917 | D:10     | Killed a death knight
  9248 | D:10     | Noticed a two-headed ogre
  9256 | D:10     | Killed a two-headed ogre
  9327 | D:10     | Noticed Urug
  9335 | D:10     | Killed Urug
  9573 | D:11     | Killed a two-headed ogre
  9699 | D:12     | Noticed an anaconda
  9699 | D:12     | a boulder beetle changed into an anaconda
  9709 | D:12     | Killed an anaconda
  9967 | D:12     | HP: 3/109 [orange demon (6)]
  9975 | D:12     | Reached XP level 12. HP: 25/118 MP: 4/11
 10090 | D:12     | Noticed a boulder beetle
 10092 | D:12     | Killed a boulder beetle
 10112 | D:12     | Slain by a boulder beetle

Illustrated notes

Levels and vault maps discovered:
D:1:      dpeg_arrival_boxes_within_box, layout_basic, serial_shops, shop,
          minmay_heptomino_d4
D:2:      layout_rooms, shapermc_ecumenical_altar_gd, uniq_jessica, uniq_terence
D:3:      layout_loops_cross
D:4:      layout_basic, cheibrodos_sewer_entry_bend, minmay_misc_feat_x,
          uniq_eustachio
D:5:      layout_loops_ring, okawaru_ov_weapons_minmay, old_standard_altar,
          lemuel_crystal_altar, kennysheep_generic_room_9,
          uniq_crazy_yiuf_cottage
D:6:      layout_loops_ring, minmay_temple_entry_trees, grunt_ministairs_13,
          nicolae_shop_firing_range
D:7:      layout_loops_ring
D:8:      layout_rooms
D:9:      layout_cave_pools, nicolae_kikubaaqudgha_miasma_corner, trog_wizard,
          nicolae_overflow_hidden_temple, grunt_ministairs_15, uniq_psyche,
          uniq_erica
D:10:     layout_basic, uniq_urug
D:11:     layout_basic, david_lair_shrubbed, uniq_maurice
D:12:     layout_cave_pools, serial_shops, shop_fountains,
          minmay_beelzebubs_servants

Skill      XL: |  1  2  3  4  5  6  7  8  9 10 11 12 |
---------------+-------------------------------------+-----
Unarmed Combat | 4 5 6 7 11 | 11.1
Dodging        | 3 5 6 7 |  7.4
Armour         | 5 6 |  6.5
Fighting       | 7 |  7.0
Evocations     | 2 7 |  7.4

Action                   |  1- 3 |  4- 6 |  7- 9 | 10-12 || total
-------------------------+-------+-------+-------+-------++-------
Melee: Unarmed           |    57 |   152 |   336 |   234 ||   779
       Punch             |       |     6 |    11 |    20 ||    37
Invok: Trog's Hand       |       |       |     2 |     6 ||     8
       Berserk           |       |       |       |     1 ||     1
       Brothers in Arms  |       |       |       |     1 ||     1
Evoke: Wand              |       |       |       |     5 ||     5
  Use: Potion            |       |       |     1 |    15 ||    16
       Scroll            |       |       |       |    13 ||    13
 Stab: Sleeping          |     1 |     1 |       |       ||     2
       Invisible         |       |       |     3 |       ||     3
Armor: Animal skin       |    25 |    49 |    72 |       ||   146
       Steam dragon scal |       |       |    13 |    71 ||    84
Dodge: Dodged            |    48 |    67 |   196 |   151 ||   462
